 Dungeon Crawl Stone Soup version 0.21-a0-508-gf08a75f (webtiles) character file.

511182 Laird the Wrestler (level 23, -8/259 (260) HPs)
             Began as a Troll Monk on Nov 28, 2017.
             Was a High Priest of Okawaru.
             Mangled by a deep troll shaman (illusionary) (14 damage)
             ... on level 3 of the Depths on Nov 29, 2017.
             The game lasted 01:36:02 (45930 turns).

Laird the Wrestler (Troll Monk)                    Turns: 45930, Time: 01:36:02

HP:   -8/259 (260)  AC: 35    Str: 32    XL:     23   Next: 93%
MP:   0/27          EV: 12    Int:  6    God:    Okawaru [*****.]
Gold: 4198          SH: 26    Dex: 18    Spells: 22/22 levels left

rFire    + . .     SeeInvis +     - Unarmed
rCold    + + .     Gourm    +   u - +1 large shield {rC+}
rNeg     . . .     Faith    .   p - +4 gold dragon scales
rPois    +         Spirit   +   N - +2 hat {SInv}
rElec    .         Reflect  .   X - +3 cloak of Peru {rPois}
rCorr    .         Harm     .   (gloves unavailable)
MR       ++...                  (boots unavailable)
Stlth    ..........             W - amulet "Soodu" {Spirit rPois MR+}
HPRegen  0.93/turn              K - +6 ring of dexterity
MPRegen  0.20/turn              Q - +3 ring of slaying

@: heroism
A: large, unfitting armour, claws 3, fast metabolism 3, gourmand, regeneration
1, shaggy fur 1, tough skin 2
}: 3/15 runes: barnacled, silver, gossamer
a: Heroism, Finesse, Renounce Religion


You were on level 3 of the Depths.
You worshipped Okawaru.
Okawaru was extremely pleased with you.
You were completely stuffed.

You visited 7 branches of the dungeon, and saw 39 of its levels.
You visited the Abyss 1 time.
You also visited: Labyrinth and Ice Cave.

You collected 4451 gold pieces.
You spent 253 gold pieces at shops.

Inventory:

Hand Weapons
 Z - a +0 dagger of distortion
Missiles
 H - 150 large rocks (quivered)
Armour
 a - a scarf of resistance
 p - +4 gold dragon scales (worn)
 u - a +1 large shield of cold resistance (worn)
 G - the +2 storm dragon scales of Freedom {rElec rC+ Regen+ Stlth+}
   (You acquired it in a labyrinth)

   It protects you from cold.
   It insulates you from electricity.
   It increases your rate of regeneration.
   It makes you more stealthy.
 N - a +2 hat of see invisible (worn)
 X - the +3 cloak of Peru (worn) {rPois}
   (Okawaru gifted it to you on level 5 of the Vaults)

   It protects you from poison.
Jewellery
 A - an uncursed ring of protection from magic
 D - an uncursed amulet of regeneration
 I - an uncursed ring of resist corrosion
 K - a +6 ring of dexterity (left claw)
 Q - a +3 ring of slaying (right claw)
 S - an uncursed amulet of faith
 W - the amulet "Soodu" (around neck) {Spirit rPois MR+}
   (You took it off a minotaur in a labyrinth)

   [amulet of guardian spirit]

   It causes incoming damage to be split between your health and magic.
   It protects you from poison.
   It affects your resistance to hostile enchantments.
Wands
 c - a wand of digging (37)
Scrolls
 d - 20 scrolls of remove curse
 i - a scroll of silence
 o - 10 scrolls of identify
 t - 6 scrolls of magic mapping
 v - a scroll of summoning
 w - 4 scrolls of blinking
 x - 3 scrolls of fear
 J - 7 scrolls of teleportation
 P - 5 scrolls of fog
 Y - a scroll of holy word
Potions
 e - 2 potions of resistance
 g - 7 potions of mutation
 j - 2 potions of might
 m - 5 potions of flight
 n - 5 potions of agility
 B - 3 potions of berserk rage
 E - a potion of curing
 L - 2 potions of magic
 M - 4 potions of haste
 R - 2 potions of cancellation
Comestibles
 b - 13 bread rations
 f - 2 chunks of flesh
 h - 20 meat rations
 k - 15 royal jellies
 z - 35 fruits


   Skills:
 + Level 21.1(26.1) Fighting
 - Level 11.9(16.9) Armour
 - Level 7.7(12.7) Dodging
 - Level 1.0(6.0) Stealth
 - Level 15.0(20.0) Shields
 + Level 23.3(27) Unarmed Combat
 - Level 7.7 Invocations


You had 22 spell levels left.
You didn't know any spells.

Dungeon Overview and Level Annotations

Branches:
Dungeon (15/15)            Temple (0/1) D:6            Lair (6/6) D:9
 Shoals (4/4) Lair:2       Spider (4/4) Lair:2        Slime (0/5) Lair:5
    Orc (2/2) D:11            Elf (0/3) Orc:2        Vaults (5/5) D:14
  Crypt (0/3) Vaults:3     Depths (3/5) D:15

Altars:
Cheibriados
Dithmenos
Hepliaklqana
Kikubaaqudgha
Makhleb
Nemelex Xobeh
Okawaru
Qazlal
Sif Muna
Trog
Uskayaw
Vehumet
Xom
The Shining One

Shops:
D:6 (   D:13 (   Orc:1 (   Orc:2 *:*[   Shoals:1 :(   Vaults:4 =

Portals:
Hell: Depths:1 Depths:2 Depths:3
Pandemonium: Depths:1

Annotations:
D:14 exclusion: Roxanne, Roxanne
Lair:2 exclusion: 2 oklob plants
Lair:5 exclusion: 2 oklob plants
Vaults:5 Salmacis's ghost, veteran MiBe


Innate Abilities, Weirdness & Mutations

You are too large for most types of armour.
You have claws for hands.
Your metabolism is lightning-fast.
You like to eat raw meat.
Your natural rate of healing is unusually fast.
You are covered in fur. (AC +1)
You have very tough skin. (AC +2)


Message History

* * * LOW HITPOINT WARNING * * *
The rakshasa barely misses you. The deep troll shaman bites you!
* * * LOW HITPOINT WARNING * * *
The deep troll shaman barely misses you. x2
You block the deep troll shaman's attack.
The deep troll shaman barely misses you.
You block the deep troll shaman's attack.
You eviscerate the deep troll shaman!!!
You kill the deep troll shaman!
The deep troll shaman's corpse shimmers and vanishes!
You block the deep troll shaman's attack.
The deep troll shaman claws you!!
* * * LOW HITPOINT WARNING * * *
You block the deep troll shaman's attack.
The rakshasa blinks!
The deep troll shaman bites you!
* * * LOW HITPOINT WARNING * * *
The deep troll shaman closely misses you.
The deep troll shaman claws you!
You die...

#...## ##.## #..# #....+
#.R.# ##+###'### ##.##
#.......# #...#
#.......##.###.##
##.......##......#
#####)#########'## #..
#:.##.## ###§T## #..#
#..#...# #...T@# #..#
###..#..# #....)..# #..#
##..###..##..###..# #..#
'..## #..'.# #..# +..#
##..# #..##[ #.##
#..######## ###..#.. ## #
.## #..<....... # #... #
#..######## # #.## #..#
#####'#########+#####..##


You could see a rakshasa and 2 deep troll shamans.

Vanquished Creatures
  Mara (Shoals:4)
  An ancient lich (Vaults:5)
  Sojobo (Vaults:4)
  Boris (Depths:3)
  2 caustic shrikes (Depths:2)
  3 golden dragons (Vaults:5)
  A lich (Vaults:5)
  The ghost of kal9871 the Merry Centaur, an adept CeHu of Okawaru (Depths:1)
  Arachne (Spider:3)
  4 tentacled monstrosities
  Rupert (Orc:2)
  An Ice Fiend (IceCv)
  6 titans
  3 quicksilver dragons (Vaults:5)
  A tentacled starspawn (Abyss:2)
  4 sphinxes
  Ilsuiw (Shoals:4)
  4 storm dragons
  4 shadow dragons (Vaults:5)
  11 tengu reavers
  Donald (Spider:1)
  9 fire giants
  3 ghost moths
  3 deep elf sorcerers (Vaults:5)
  Louise (D:15)
  9 frost giants
  Aizul (Lair:2)
  10 vault wardens
  2 deep elf elementalists
  4 emperor scorpions
  2 iron dragons
  A juggernaut skeleton (Depths:2)
  31 stone giants
  15 ironheart preservers
  4 war gargoyles
  7 very ugly things
  A stone giant (shapeshifter) (Vaults:5)
  Nessos (D:13)
  5 entropy weavers
  5 vampire knights
  2 deep elf annihilators
  A deep elf demonologist (Vaults:5)
  A black draconian (Abyss:2)
  8 spark wasps
  10 ettins
  12 merfolk impalers
  7 merfolk javelineers
  2 jiangshi (Depths:2)
  A crystal guardian (Vaults:4)
  18 yaktaur captains
  A minotaur (Lab)
  3 deep elf death magi
  5 fire dragons
  4 great orbs of eyes
  A deep elf high priest (Vaults:5)
  16 ogre magi
  Harold (D:12)
  10 ice dragons
  5 rakshasas
  37 vault guards
  4 hydras
  A spriggan air mage (Depths:1)
  7 centaur warriors
  A catoblepas (Lair:5)
  6 merfolk aquamancers
  7 deep troll shamans
  3 death knights
  3 merfolk avatars
  4 satyrs
  4 death yaks (Lair:6)
  4 tengu warriors
  54 two-headed ogres
  A vampire mage (Depths:2)
  4 orc high priests (Orc:2)
  5 deep troll earth magi
  7 deep elf knights
  10 hell knights
  2 shadow wraiths
  A wretched star (Abyss:2)
  A flayed ghost (Vaults:3)
  A fire crab (shapeshifter) (Depths:2)
  A deep troll (shapeshifter) (Depths:3)
  10 skeletal warriors
  A sea snake (shapeshifter) (D:15)
  A storm dragon skeleton (Vaults:4)
  4 wizards
  21 deep trolls
  10 sea snakes
  A glowing orange brain (shapeshifter) (Depths:2)
  2 unseen horrors (D:15)
  A lindwurm (Lair:6)
  A tengu zombie (Depths:2)
  8 necromancers
  8 deep elf archers
  4 phantasmal warriors
  The ghost of kiturien the Shield-Bearer, a novice MiFi of Wu Jian (D:5)
  2 lindwurms (shapeshifter)
  14 ironbrand convokers
  6 glowing orange brains
  5 harpies (Vaults:2)
  10 deep elf magi
  17 orc knights
  A harpy (shapeshifter) (Vaults:3)
  36 ugly things
  34 wolf spiders
  A frost giant zombie (Vaults:3)
  18 orb spiders
  8 orc sorcerers
  A sphinx skeleton (Vaults:4)
  13 fauns
  A worldbinder (Abyss:2)
  A wolf spider (shapeshifter) (Vaults:4)
  A tengu skeleton (Vaults:3)
  2 fire giant zombies
  9 cyclopes
  7 human skeletons (Vaults:3)
  17 manticores
  10 merfolk sirens
  6 moths of wrath
  2 guardian serpents (D:13)
  14 elephants
  A rust devil (Depths:1)
  A black mamba (shapeshifter) (Depths:2)
  A stone giant skeleton (Vaults:3)
  A fire giant skeleton (Vaults:3)
  11 vault sentinels
  5 water nymphs
  4 black mambas
  A smoke demon (Abyss:2)
  A spiny frog (shapeshifter) (Depths:1)
  A naga mage (D:15)
  9 spiny frogs
  A torpor snail (Spider:2)
  3 centaur skeletons
  4 large abominations (Abyss:2)
  2 orange demons (Abyss:2)
  4 ice statues
  A titan simulacrum (Vaults:4)
  A yaktaur zombie (Vaults:4)
  4 gargoyles
  2 efreet
  2 rime drakes
  41 yaktaurs
  A kobold demonologist (D:13)
  8 komodo dragons
  A komodo dragon (shapeshifter) (Vaults:2)
  2 anaconda simulacra (IceCv)
  11 ice devils (IceCv)
  14 demonic crawlers
  6 freezing wraiths
  2 yaktaur skeletons (Vaults:3)
  2 tengu conjurers (Depths:1)
  3 meliai (Spider:4)
  4 polar bears
  A jumping spider (shapeshifter) (Depths:3)
  31 merfolk
  21 hornets
  A queen bee (shapeshifter) (Vaults:4)
  28 jumping spiders
  A wind drake (Shoals:4)
  A tengu simulacrum (Vaults:3)
  11 trolls
  Prince Ribbit (D:7)
  9 snapping turtles
  21 blink frogs
  A polar bear (shapeshifter) (Vaults:1)
  4 raiju (Abyss:2)
  28 slime creatures
  A frost giant simulacrum (Vaults:2)
  10 dream sheep
  14 hippogriffs
  A centaur simulacrum (D:14)
  6 starcursed masses (Abyss:2)
  Sigmund (D:5)
  4 shadows
  83 redbacks
  A redback (shapeshifter) (Vaults:5)
  3 dire elephant simulacra
  14 spriggans
  38 tarantellas
  5 wyverns
  11 water elementals
  6 wraiths
  2 fire bats (Abyss:2)
  2 ettin skeletons
  56 yaks
  A hog (shapeshifter) (Vaults:1)
  A hungry ghost (D:15)
  Menkaure (D:7)
  A yaktaur simulacrum (Vaults:3)
  4 basilisks
  A basilisk (shapeshifter) (Vaults:5)
  An iron troll simulacrum (IceCv)
  7 wargs
  A harpy simulacrum (IceCv)
  3 vampire mosquitoes (D:15)
  2 acid dragons
  9 water moccasins
  3 hydra simulacra (IceCv)
  A floating eye (shapeshifter) (Vaults:5)
  3 small abominations (Abyss:2)
  2 porcupines
  4 sky beasts
  37 orc warriors
  A black bear (shapeshifter) (Vaults:2)
  A fire dragon simulacrum (Abyss:2)
  5 black bears
  30 wolves
  2 ice beasts
  2 ettin simulacra
  An eye of draining (D:11)
  7 phantoms
  2 necrophages
  An elf zombie (Vaults:3)
  12 centaurs
  31 ogres
  8 boggarts
  11 crocodiles
  4 wyvern zombies
  10 bullfrogs
  A scorpion (D:11)
  A wyvern skeleton (D:6)
  A water moccasin skeleton (D:6)
  An elf simulacrum (Vaults:1)
  7 killer bees
  9 wights
  2 howler monkeys
  3 electric eels
  8 crimson imps
  4 centaur zombies
  4 hounds
  2 bullfrog zombies
  25 orc priests
  2 bullfrog skeletons
  28 orc wizards
  A human simulacrum (Vaults:1)
  3 jellies
  5 iguanas
  8 worker ants
  2 killer bee zombies
  2 hound skeletons
  2 hound zombies
  4 worker ant zombies
  9 gnolls
  2 howler monkey skeletons
  14 adders
  3 shadow imps
  An ufetubus (Abyss:2)
  An ooze (D:1)
  3 adder zombies (D:6)
  An adder skeleton (D:4)
  A worm (D:2)
  A dart slug (shapeshifter) (Vaults:1)
  2 dart slugs
  3 leopard geckos
  90 orcs
  A ball python (D:1)
  6 giant cockroaches
  7 goblins
  7 hobgoblins
  6 jackals
  9 quokkas
  4 bats
  5 frilled lizards
  A jackal skeleton (D:4)
  7 kobolds
  2 quokka skeletons
  A quokka zombie (D:6)
  8 rats
1854 creatures vanquished.

Vanquished Creatures (others)
  A tengu reaver (Vaults:4)
  A vault guard (Vaults:2)
  An ironbrand convoker (Vaults:2)
  A deep elf mage (Vaults:1)
  A tarantella (Spider:2)
  A centaur (Depths:1)
  An orc wizard (Orc:2)
  A worker ant (D:12)
  4 fungi
  A lurking horror (Abyss:2)
  31 plants
  2 starspawn tentacles (Abyss:2)
46 creatures vanquished.

Grand Total: 1900 creatures vanquished

Notes
Turn   | Place    | Note
-------+----------+-------------------------------------------
     0 | D:1      | Laird the Troll Monk began the quest for the Orb.
     0 | D:1      | Reached XP level 1. HP: 22/22 MP: 0/0
    99 | D:1      | Reached XP level 2. HP: 29/29 MP: 1/1
   447 | D:2      | Noticed a howler monkey
   458 | D:2      | Killed a howler monkey
   458 | D:2      | Reached skill level 4 in Unarmed Combat
   458 | D:2      | Reached XP level 3. HP: 32/37 MP: 2/2
   466 | D:2      | Reached XP level 4. HP: 34/45 MP: 3/3
   605 | D:2      | Found a sparkling altar of Nemelex Xobeh.
  1258 | D:3      | Reached skill level 5 in Unarmed Combat
  1261 | D:3      | Reached XP level 5. HP: 46/53 MP: 4/4
  1489 | D:3      | Found an iron altar of Okawaru.
  1489 | D:3      | Found a shadowy altar of Dithmenos.
  1489 | D:3      | Found a glowing golden altar of the Shining One.
  1489 | D:3      | Found a snail-covered altar of Cheibriados.
  1517 | D:3      | Became a worshipper of Warmaster Okawaru
  1517 | D:3      | Reached * piety under Okawaru
  1517 | D:3      | Reached ** piety under Okawaru
  1527 | D:3      | Found a sparkling altar of Nemelex Xobeh.
  1527 | D:3      | Found a hazy altar of Hepliaklqana.
  1932 | D:4      | Noticed an ogre
  1943 | D:4      | Killed an ogre
  1943 | D:4      | Reached XP level 6. HP: 52/62 MP: 1/5
  2032 | D:4      | Reached skill level 6 in Unarmed Combat
  2032 | D:4      | Reached skill level 1 in Invocations
  2358 | D:4      | Got a brightly glowing scarf
  2375 | D:4      | Found a burning altar of Makhleb.
  2377 | D:4      | Found a radiant altar of Vehumet.
  2378 | D:4      | Reached XP level 7. HP: 64/70 MP: 5/7
  2384 | D:4      | Identified the cursed scarf "Uheah" {MR+ Int+2} (You found it on level 4 of the Dungeon)
  2418 | D:4      | Found a bloodstained altar of Trog.
  2418 | D:4      | Found an ancient bone altar of Kikubaaqudgha.
  2419 | D:4      | Found a deep blue altar of Sif Muna.
  2782 | D:5      | Entered Level 5 of the Dungeon
  2932 | D:5      | Noticed kiturien's ghost (novice MiFi)
  2952 | D:5      | Killed kiturien's ghost
  2952 | D:5      | Reached *** piety under Okawaru
  2952 | D:5      | Reached skill level 7 in Unarmed Combat
  2952 | D:5      | Reached XP level 8. HP: 60/79 MP: 5/9
  3107 | D:5      | Reached skill level 8 in Unarmed Combat
  3212 | D:5      | Noticed Sigmund
  3218 | D:5      | Killed Sigmund
  3218 | D:5      | Reached skill level 5 in Fighting
  3238 | D:5      | Reached **** piety under Okawaru
  3909 | D:6      | Found a staircase to the Ecumenical Temple.
  3940 | D:6      | Reached skill level 9 in Unarmed Combat
  3946 | D:6      | Found Iniuthra's Antique Weapon Boutique.
  4058 | D:6      | Reached XP level 9. HP: 47/88 MP: 5/11
  4139 | D:6      | Found a shimmering altar of Xom.
  4554 | D:7      | Reached ***** piety under Okawaru
  4554 | D:7      | Reached skill level 5 in Invocations
  4563 | D:7      | Found a shimmering altar of Xom.
  4592 | D:6      | Reached skill level 10 in Unarmed Combat
  4894 | D:7      | Noticed Menkaure
  4895 | D:7      | Noticed Prince Ribbit
  4910 | D:7      | Killed Menkaure
  4923 | D:7      | Killed Prince Ribbit
  4923 | D:7      | Received a gift from Okawaru
  5373 | D:8      | Noticed a two-headed ogre
  5384 | D:8      | Killed a two-headed ogre
  5384 | D:8      | Received a gift from Okawaru
  5384 | D:8      | Reached skill level 11 in Unarmed Combat
  5384 | D:8      | Reached XP level 10. HP: 61/99 MP: 5/13
  5669 | D:8      | Noticed a two-headed ogre
  5676 | D:8      | Killed a two-headed ogre
  5688 | D:8      | Noticed a two-headed ogre
  5699 | D:8      | Killed a two-headed ogre
  5700 | D:8      | Found a hide-covered altar of Uskayaw.
  6222 | D:9      | Reached skill level 12 in Unarmed Combat
  6683 | D:9      | Found a staircase to the Lair.
  7281 | D:6      | Got a bloodstained robe
  7292 | D:6      | Identified the +0 robe of the Solstice {rC+ Str-2 SInv} (You found it on level 6 of the Dungeon)
  7464 | D:10     | Entered Level 10 of the Dungeon
  7520 | D:10     | Reached XP level 11. HP: 98/109 MP: 13/15
  7565 | D:10     | Found a sparkling altar of Nemelex Xobeh.
  7872 | D:10     | Noticed a two-headed ogre
  7886 | D:10     | Paralysed by a hornet for 1 turns
  7893 | D:10     | Killed a two-headed ogre
  7893 | D:10     | Received a gift from Okawaru
  7894 | D:10     | HP: 4/111 [poisoned by a hornet]
  8192 | D:10     | Noticed a two-headed ogre
  8200 | D:10     | Killed a two-headed ogre
  8452 | D:10     | Reached skill level 13 in Unarmed Combat
  8610 | Lair:1   | Entered Level 1 of the Lair of Beasts
  9551 | Lair:2   | Reached ****** piety under Okawaru
  9551 | Lair:2   | Received a gift from Okawaru
  9705 | Lair:2   | Found the +0 pair of fencer's gloves {+Riposte Dex+3}
  9763 | Lair:2   | Found a staircase to the Shoals.
  9768 | Lair:2   | Reached skill level 5 in Dodging
  9927 | Lair:2   | Found a hole to the Spider Nest.
  9995 | Lair:2   | Reached XP level 12. HP: 106/124 MP: 12/16
 10629 | Lair:3   | You fall through a shaft!
 10932 | Lair:3   | Reached skill level 10 in Fighting
 11651 | Lair:3   | Received a gift from Okawaru
 12172 | Lair:4   | Noticed a five-headed hydra
 12181 | Lair:4   | Killed a five-headed hydra
 12783 | Lair:5   | Reached skill level 1 in Shields
 12850 | Lair:5   | Found a staircase to the Slime Pits.
 12944 | Lair:5   | Noticed a catoblepas
 12966 | Lair:5   | Killed a catoblepas
 13072 | Lair:5   | Noticed a seven-headed hydra
 13628 | Lair:5   | Killed a seven-headed hydra
 13632 | Lair:5   | Reached XP level 13. HP: 128/137 MP: 13/17
 14102 | Lair:6   | Entered Level 6 of the Lair of Beasts
 14267 | Lair:6   | Received a gift from Okawaru
 14387 | Lair:6   | Received a gift from Okawaru
 14431 | Lair:6   | Got a smoking scarf {god gift}
 14479 | Lair:6   | Identified the scarf of the Gloaming {rPois rC- rN+} (Okawaru gifted it to you on level 6 of the Lair of Beasts)
 14510 | Lair:6   | Reached skill level 5 in Shields
 15076 | Lair:6   | Reached XP level 14. HP: 93/150 MP: 7/18
 15222 | Lair:6   | Received a gift from Okawaru
 15393 | Lair:6   | Paralysed by a hornet for 2 turns
 15865 | D:11     | Found a labyrinth entrance.
 15891 | Lab      | Entered a labyrinth
 16074 | Lab      | Got a steaming brass amulet
 16080 | Lab      | Identified a scroll of acquirement
 16081 | Lab      | Got brightly glowing storm dragon scales
 16092 | Lab      | Identified the +2 storm dragon scales of Freedom {rElec rC+ Regen+ Stlth+} (You acquired it in a labyrinth)
 16095 | Lab      | Identified the amulet "Soodu" {Spirit rPois MR+} (You took it off a minotaur in a labyrinth)
 16441 | D:11     | Found a staircase to the Orcish Mines.
 16992 | Orc:1    | Entered Level 1 of the Orcish Mines
 17031 | Orc:1    | Found Zalluth's Weapon Shoppe.
 17181 | Orc:1    | Reached skill level 1 in Armour
 17323 | Orc:2    | Entered Level 2 of the Orcish Mines
 17403 | Orc:2    | Noticed Rupert
 17422 | Orc:2    | Killed Rupert
 17801 | Orc:2    | Found a staircase to the Elven Halls.
 18101 | Orc:2    | Found Wimaw's Antique Armour Shop.
 18186 | Orc:2    | Received a gift from Okawaru
 18246 | Orc:2    | Found Vafaegan's Assorted Antiques.
 18248 | Orc:2    | Found Jagahunt's General Store.
 18248 | Orc:2    | Found Piungitt's Book Shoppe.
 18547 | Orc:2    | Bought a potion of heal wounds for 115 gold pieces
 18547 | Orc:2    | Bought 3 scrolls of identify for 138 gold pieces
 18677 | D:12     | Noticed Harold
 18750 | D:12     | Killed Harold
 19940 | D:13     | Found Houcit's Antique Weapon Shoppe.
 19972 | D:13     | Reached XP level 15. HP: 149/161 MP: 12/19
 20360 | D:13     | Reached skill level 14 in Unarmed Combat
 20489 | D:13     | Noticed Nessos
 20497 | D:13     | Killed Nessos
 20565 | D:13     | You fall through a shaft!
 20650 | D:14     | Reached skill level 5 in Armour
 20654 | D:14     | Received a gift from Okawaru
 20742 | D:14     | Got a twisted demon blade {god gift}
 20743 | D:14     | Identified the +1 demon blade of Reinforcement {venom, rElec rPois Dex-5} (Okawaru gifted it to you on level 14 of the Dungeon)
 21025 | D:14     | Found a stormy altar of Qazlal.
 21062 | D:14     | Found a gate to the Vaults.
 21242 | D:14     | Noticed Roxanne
 21883 | D:15     | Entered Level 15 of the Dungeon
 22182 | D:15     | Received a gift from Okawaru
 22221 | D:15     | Noticed Louise
 22523 | D:15     | Received a gift from Okawaru
 22524 | D:15     | Found the +8 mithril axe "Arga" {speed, MR+}
 22535 | D:15     | Killed Louise
 22668 | D:15     | Found a staircase to the Depths.
 22692 | D:15     | Found a bloodstained altar of Trog.
 23274 | Spider:1 | Entered Level 1 of the Spider Nest
 23370 | Spider:1 | Noticed Donald
 23376 | Spider:1 | Killed Donald
 23401 | Spider:1 | Noticed a ghost moth
 23409 | Spider:1 | Killed a ghost moth
 23572 | Spider:1 | Received a gift from Okawaru
 23604 | Spider:2 | Reached skill level 15 in Unarmed Combat
 23783 | Spider:2 | Reached XP level 16. HP: 148/174 MP: 20/20
 25028 | Spider:2 | Received a gift from Okawaru
 25983 | Spider:3 | Noticed Arachne
 26115 | Spider:3 | Reached skill level 15 in Fighting
 26127 | Spider:3 | Killed Arachne
 26710 | Spider:4 | Entered Level 4 of the Spider Nest
 26867 | Spider:3 | Reached skill level 16 in Unarmed Combat
 27212 | Spider:4 | Received a gift from Okawaru
 27358 | Spider:4 | Reached XP level 17. HP: 182/184 MP: 18/21
 27749 | Spider:4 | Paralysed by a hornet for 1 turns
 28183 | Spider:4 | Got a gossamer rune of Zot
 28320 | Shoals:1 | Entered Level 1 of the Shoals
 28320 | Shoals:1 | Found Xeusch's Book Boutique.
 28320 | Shoals:1 | Noticed Aizul
 28336 | Lair:2   | Killed Aizul
 28597 | Shoals:1 | Found Ygym's Weapon Shop.
 28622 | Shoals:1 | Reached skill level 10 in Armour
 28807 | Shoals:1 | Received a gift from Okawaru
 29702 | Shoals:2 | Reached skill level 17 in Unarmed Combat
 30029 | Shoals:3 | Received a gift from Okawaru
 30551 | Shoals:4 | Entered Level 4 of the Shoals
 30612 | Shoals:4 | Found a frozen archway.
 30623 | IceCv    | Entered an ice cave
 30913 | IceCv    | Reached XP level 18. HP: 196/196 MP: 22/22
 30947 | IceCv    | Noticed an Ice Fiend
 30952 | IceCv    | Killed an Ice Fiend
 31450 | Shoals:4 | Received a gift from Okawaru
 31597 | Shoals:4 | Noticed Ilsuiw
 31621 | Shoals:4 | Killed Ilsuiw
 32066 | Shoals:4 | Noticed Mara
 32083 | Shoals:4 | Killed Mara
 32180 | Shoals:4 | Got a barnacled rune of Zot
 32872 | Vaults:1 | Entered Level 1 of the Vaults
 32889 | Vaults:1 | Got a coiled amethyst amulet
 32890 | Vaults:1 | Identified the amulet "Gybuupawk" {Faith Str+6} (You found it on level 1 of the Vaults)
 32957 | Vaults:1 | Reached skill level 18 in Unarmed Combat
 33217 | Vaults:1 | Received a gift from Okawaru
 33220 | Vaults:1 | Got a slimy large shield {god gift}
 33221 | Vaults:1 | Identified the +0 large shield "Onouxt" {Int+2} (Okawaru gifted it to you on level 1 of the Vaults)
 33924 | Vaults:1 | Reached XP level 19. HP: 125/209 MP: 12/23
 34518 | Vaults:2 | Reached skill level 10 in Shields
 34519 | Vaults:2 | Received a gift from Okawaru
 34999 | Vaults:2 | Reached skill level 19 in Unarmed Combat
 35032 | Vaults:2 | Received a gift from Okawaru
 35035 | Vaults:2 | Got a sheer robe {god gift}
 35036 | Vaults:2 | Identified the +2 robe "Wadux" {Str+2 Int+4 Dex-4 Stlth+} (Okawaru gifted it to you on level 2 of the Vaults)
 35743 | Vaults:3 | Reached XP level 20. HP: 210/221 MP: 24/24
 36688 | Vaults:3 | Received a gift from Okawaru
 36782 | Vaults:3 | Found a staircase to the Crypt.
 37069 | Vaults:4 | Found Nierul's Jewellery Emporium.
 37193 | Vaults:4 | Noticed Sojobo
 37537 | Vaults:4 | Killed Sojobo
 37537 | Vaults:4 | Received a gift from Okawaru
 37721 | Vaults:4 | Reached skill level 20 in Unarmed Combat
 38112 | Vaults:4 | Received a gift from Okawaru
 38119 | Vaults:4 | Got a scorched longbow {god gift}
 38120 | Vaults:4 | Identified the +7 longbow "Zegg" {velocity, Str-2 Int-3 Dex+6 SInv} (Okawaru gifted it to you on level 4 of the Vaults)
 38941 | Vaults:4 | Reached XP level 21. HP: 197/231 MP: 22/25
 38978 | Vaults:5 | Entered Level 5 of the Vaults
 38978 | Vaults:5 | Noticed Salmacis's ghost (veteran MiBe)
 39254 | Vaults:5 | Received a gift from Okawaru
 39403 | Vaults:5 | Cast into level 2 of the Abyss (a deep elf demonologist)
 39433 | Abyss:2  | Found an iron altar of Okawaru.
 39788 | Abyss:2  | Received a gift from Okawaru
 39793 | Vaults:5 | Escaped the Abyss
 39855 | Vaults:5 | Noticed a golden dragon
 39869 | Vaults:5 | Killed a golden dragon
 40496 | Vaults:5 | Noticed an ancient lich
 40515 | Vaults:5 | Killed an ancient lich
 40515 | Vaults:5 | Reached skill level 21 in Unarmed Combat
 40518 | Vaults:5 | Received a gift from Okawaru
 40555 | Vaults:5 | Noticed a golden dragon
 40575 | Vaults:5 | Killed a golden dragon
 40643 | Vaults:5 | Got a shimmering cloak {god gift}
 40657 | Vaults:5 | Identified the +3 cloak of Peru {rPois} (Okawaru gifted it to you on level 5 of the Vaults)
 40887 | Vaults:5 | Reached XP level 22. HP: 202/244 MP: 20/26
 41027 | Vaults:5 | Noticed a golden dragon
 41036 | Vaults:5 | Killed a golden dragon
 41662 | Vaults:5 | Received a gift from Okawaru
 41936 | Vaults:5 | Identified the Guide on Ensnaring Feathers
 41948 | Vaults:5 | Got a silver rune of Zot
 42484 | Depths:1 | Entered Level 1 of the Depths
 42485 | Depths:1 | Noticed kal9871's ghost (adept CeHu)
 42501 | Depths:1 | Killed kal9871's ghost
 42592 | Depths:1 | Found a one-way gate leading to the halls of Pandemonium.
 42822 | Depths:1 | Received a gift from Okawaru
 43132 | Depths:1 | Reached skill level 22 in Unarmed Combat
 43268 | Depths:1 | Found a gateway to Hell.
 43271 | Depths:1 | Reached skill level 15 in Shields
 43655 | Depths:2 | Reached XP level 23. HP: 210/254 MP: 24/27
 44213 | Depths:2 | Found a magical portal.
 44443 | Depths:2 | Noticed a caustic shrike
 44454 | Depths:2 | Killed a caustic shrike
 44463 | Depths:2 | Noticed a caustic shrike
 44479 | Depths:2 | Killed a caustic shrike
 44888 | Depths:2 | Received a gift from Okawaru
 45568 | Depths:3 | Reached skill level 23 in Unarmed Combat
 45583 | Depths:3 | Received a gift from Okawaru
 45752 | Depths:3 | Noticed Boris
 45767 | Depths:3 | Killed Boris
 45848 | Depths:3 | Paralysed by a floating eye for 2 turns
 45929 | Depths:3 | HP: 12/259 [deep troll shaman (illusionary) (18)]
 45930 | Depths:3 | Mangled by a deep troll shaman (illusionary)

Vault maps used:
D:1:      dpeg_arrival_stonehenge_8_columns
D:2:      nemelex_altar_shiori
D:3:      minmay_overflow_temple_hex
D:4:      grunt_temple_overflow_lords_of_destruction,
          gammafunk_temple_overflow_claw, first_bread, minmay_strange_pillars
D:5:      uniq_sigmund
D:6:      temple_pool_b, serial_shops, kennysheep_little_box, basic_altar,
          serial_undead, serial_undead_c, serial_undead_f, serial_undead_e,
          serial_undead_b
D:7:      basic_altar, grunt_decor_fettered, the_bakery, uniq_menkaure,
          uniq_prince_ribbit1
D:8:      eat_drink_and_be_merry_uskayaw
D:9:      lair_entry_dummy
D:10:     basic_altar
D:11:     david_orc_2, lab_entry_generic, kennysheep_generic_room_10
D:12:     uniq_harold
D:13:     nrook_guardian_serpent_snake_passage, serial_shops,
          nicolae_shop_competitors_out_of_business, uniq_nessos
D:14:     erik_vaults_2, chequers_big_river, basic_altar, uniq_roxanne
D:15:     hangedman_depths_entry_try_elsewhere_first, lemuel_doored_altar,
          uniq_louise
Lair:2:   shoals_dummy_entry, dummy_spider_entry, grunt_megastairs_2,
          minmay_lair_oklob_chamber
Lair:4:   serial_bayou_shore_b
Lair:5:   minmay_slime_entry_oklob_open, grunt_megastairs_5,
          lemuel_fruit_fields, infiniplex_staircase_pool
Lair:6:   minmay_lair_end_enchanted_forest, ldierk_geyser
Shoals:1: serial_shops, shop, shop, uniq_aizul
Shoals:2: nicolae_shoals_mertower
Shoals:3: cheibrodos_shoals_baths
Shoals:4: shoals_end_grunt_ice, shoal_ilsuiw,
          portal_ice_cave_entry_ice_statue_one, uniq_mara
Spider:1: uniq_donald
Spider:2: hangedman_spider_trapstep
Spider:3: nicolae_spider_circle_web, uniq_arachne
Spider:4: spider_rune_water, spider_trap, guppyfry_hornet_nest
Orc:1:    serial_shops, nicolae_shop_crystal
Orc:2:    st_orc_elflike, uniq_rupert
Vaults:1: v_misc_14, nicolae_vaults_disjoint_gnomons, nicolae_vaults_triangles,
          nicolae_vaults_yaktaur_gun_rack, v_misc_23,
          nicolae_vaults_ring_of_whatevers, nicolae_vaults_border_crossing,
          hangedman_vaults_snaps, nicolae_vaults_fighting_squares, v_misc_31,
          nicolae_vaults_rhombus_6, ontoclasm_vaults_twist,
          nicolae_vaults_specimen_jars, ontoclasm_vaults_gateway
Vaults:2: serial_ice_m, v_pattern_3, v_misc_13, v_alt_pattern_5,
          nicolae_vaults_bisected_slash, nicolae_vaults_shelves_hall,
          hangedman_vaults_cutoff, nicolae_vaults_network_star,
          hangedman_vaults_cutoff, v_misc_10, vaults_dpeg_encased_lava,
          nicolae_vaults_shelves_hall, ontoclasm_vaults_bender,
          st_quartered_hall, nicolae_vaults_diagonal_hallway_9,
          ontoclasm_vaults_ring_small
Vaults:3: nicolae_vaults_theta, minmay_crypt_entry_skeletal_spiral,
          hangedman_vaults_impose, ontoclasm_vaults_loading_screen,
          vaults_room_stairs_pillars, vaults_dpeg_diagonal, v_misc_13,
          vaults_room_semicircle, vaults_room_door_ring, vaults_room_pool
Vaults:4: hangedman_vaults_pinch, v_misc_25, vaults_room_guarded_vault,
          vaults_mumra_hexcomb, nicolae_vaults_angled_halls,
          vaults_room_octagon, vaults_room_large_hall, v_misc_25,
          vaults_room_door_ring, v_misc_8, ontoclasm_vaults_eye, v_misc_33,
          vaults_room_corners, v_misc_18, vaults_room_stairs_pillars,
          vaults_room_door_ring, vaults_room_pool, serial_shops,
          nicolae_shop_stone, uniq_sojobo
Vaults:5: serial_shops
Depths:1: grunt_hell_entry_dis_mu, pan_entry, st_stairs_4,
          minmay_misc_feat_nine_boxes, minmay_misc_feat_secret_circle,
          kennysheep_inner_square
Depths:2: minmay_broken_ring, lightli_enter_wizlab_magi_temple, serial_sigils,
          serial_sigils_hangedman_gnaw, serial_sigils_hangedman_shear,
          serial_sigils_hangedman_snap, serial_sigils_hangedman_gut,
          serial_sigils_hangedman_writhe, serial_sigils_hangedman_gut,
          hell_entry, serial_bayou_pond_a, minmay_stone_trees_small
Depths:3: minmay_the_grid_4x2, enter_ziggurat_d, grunt_pan_entry_spiral,
          hell_entry, serial_bayou_pond_c, uniq_boris
Lab:      labyrinth_spiral, nicolae_lab_swirl, lab_block
IceCv:    ice_cave_tombish

Skill      XL: |  1  2  3  4  5  6  7  8  9 10 11 12 13 14 15 16 17 18 19 20 21 22 23 |
---------------+----------------------------------------------------------------------+-----
Fighting       | 3 4 5 6 7 9 11 12 13 14 15 16 17 18 19 20 21 | 21.1
Unarmed Combat | 4 5 6 7 9 11 12 13 15 16 17 18 19 20 21 22 23 | 23.3
Invocations    | 1 3 4 6 7 |  7.7
Dodging        | 5 7 |  7.7
Shields        | 2 7 9 11 12 13 15 | 15.0
Armour         | 4 7 9 10 11 | 11.9
Stealth        | |  1.0

Action                   |  1- 3 |  4- 6 |  7- 9 | 10-12 | 13-15 | 16-18 | 19-21 | 22-24 || total
-------------------------+-------+-------+-------+-------+-------+-------+-------+-------++-------
Melee: Unarmed           |    68 |   168 |   253 |   473 |  1214 |  1582 |  1495 |   953 ||  6206
       Punch             |       |     4 |    18 |    32 |       |       |       |       ||    54
Throw: Javelin           |       |       |     2 |       |    10 |       |       |       ||    12
       Large rock        |       |       |       |       |    10 |    33 |    10 |     2 ||    55
Invok: Heroism           |       |     1 |     9 |    22 |    43 |    46 |    37 |    23 ||   181
       Finesse           |       |       |       |     2 |    10 |     4 |    12 |    11 ||    39
Evoke: Wand              |       |       |       |    14 |    10 |     1 |       |       ||    25
       Phantom mirror    |       |       |       |       |       |       |     1 |       ||     1
  Use: Scroll            |       |     3 |     5 |    16 |    22 |    20 |    12 |     2 ||    80
       Potion            |       |       |     1 |     7 |     6 |     8 |     6 |       ||    28
 Stab: Distracted        |       |     1 |       |     2 |       |       |     1 |       ||     4
       Sleeping          |       |     5 |     5 |     4 |     1 |       |       |       ||    15
  Eat: Chunk             |    10 |    15 |    25 |    57 |    81 |    74 |    61 |    44 ||   367
       Bread ration      |       |       |     1 |     3 |     3 |     6 |       |       ||    13
Armor: Robe              |    20 |    48 |    40 |    67 |    45 |       |       |       ||   220
       Storm dragon scal |       |       |       |       |   280 |   598 |       |       ||   878
       Gold dragon scale |       |       |       |       |       |   319 |   389 |   271 ||   979
Dodge: Dodged            |    27 |    93 |    93 |   307 |   471 |   692 |   230 |   175 ||  2088
Block: Shield            |       |       |       |    32 |   674 |  1006 |       |       ||  1712
       Large shield      |       |       |       |       |       |   121 |  1088 |   740 ||  1949

Table legend:
 A = Spawn XP
 B = Non-spawn XP
 C = Spawn XP percentage of total XP
 D = Spawn monster count
 E = Non-spawn monster count
 F = Spawn count percentage of total count
 G = Total turns spent on level
                    A         B        C        D         E        F      G
               +---------+---------+-------+---------+---------+-------+---------
         Total |    5838 |  972117 |   0.6 |      16 |    1843 |   0.9 | 45930
               +---------+---------+-------+---------+---------+-------+---------
           D:1 |       0 |      37 |   0.0 |       0 |      21 |   0.0 |   446
           D:2 |       0 |     127 |   0.0 |       0 |      21 |   0.0 |   697
           D:3 |       0 |     175 |   0.0 |       0 |      26 |   0.0 |   727
           D:4 |       0 |     611 |   0.0 |       0 |      18 |   0.0 |   912
           D:5 |       0 |    1169 |   0.0 |       0 |      14 |   0.0 |   886
           D:6 |       0 |    1084 |   0.0 |       0 |      28 |   0.0 |  1197
           D:7 |       0 |    2103 |   0.0 |       0 |      39 |   0.0 |   697
           D:8 |       0 |    3608 |   0.0 |       0 |      16 |   0.0 |   842
           D:9 |       0 |    1869 |   0.0 |       0 |      20 |   0.0 |  1267
          D:10 |       0 |    4097 |   0.0 |       0 |      28 |   0.0 |  1138
          D:11 |       0 |    2698 |   0.0 |       0 |      24 |   0.0 |  1022
          D:12 |       0 |   11408 |   0.0 |       0 |      47 |   0.0 |  1312
          D:13 |       0 |   13525 |   0.0 |       0 |      51 |   0.0 |   986
          D:14 |       0 |   13141 |   0.0 |       0 |      31 |   0.0 |  1427
          D:15 |       0 |   12306 |   0.0 |       0 |      31 |   0.0 |  1097
        Lair:1 |       0 |    2743 |   0.0 |       0 |      12 |   0.0 |   813
        Lair:2 |       0 |    7141 |   0.0 |       0 |      30 |   0.0 |  1513
        Lair:3 |       0 |    8953 |   0.0 |       0 |      30 |   0.0 |  1431
        Lair:4 |       0 |    1848 |   0.0 |       0 |       5 |   0.0 |   815
        Lair:5 |       0 |    8441 |   0.0 |       0 |      29 |   0.0 |  1441
        Lair:6 |       0 |   26388 |   0.0 |       0 |      97 |   0.0 |  1422
      Shoals:1 |       0 |    7948 |   0.0 |       0 |      17 |   0.0 |   629
      Shoals:2 |       0 |   20920 |   0.0 |       0 |      33 |   0.0 |   897
      Shoals:3 |       0 |   15074 |   0.0 |       0 |      30 |   0.0 |   749
      Shoals:4 |       0 |   45140 |   0.0 |       0 |      64 |   0.0 |  1331
      Spider:1 |       0 |   16043 |   0.0 |       0 |      35 |   0.0 |   620
      Spider:2 |       0 |   17797 |   0.0 |       0 |      49 |   0.0 |  1594
      Spider:3 |       0 |   25486 |   0.0 |       0 |      64 |   0.0 |  1423
      Spider:4 |       0 |   36974 |   0.0 |       0 |      98 |   0.0 |  1358
         Orc:1 |       0 |    1114 |   0.0 |       0 |      14 |   0.0 |   352
         Orc:2 |       0 |   16107 |   0.0 |       0 |      80 |   0.0 |  1298
      Vaults:1 |       0 |   47236 |   0.0 |       0 |      79 |   0.0 |  1429
      Vaults:2 |       0 |   88078 |   0.0 |       0 |     127 |   0.0 |  1482
      Vaults:3 |       0 |   39581 |   0.0 |       0 |      73 |   0.0 |  1279
      Vaults:4 |       0 |   72985 |   0.0 |       0 |      88 |   0.0 |  2048
      Vaults:5 |       0 |  177982 |   0.0 |       0 |     135 |   0.0 |  2924
      Depths:1 |       0 |   53748 |   0.0 |       0 |      58 |   0.0 |  1011
      Depths:2 |       0 |   80558 |   0.0 |       0 |      78 |   0.0 |  1635
      Depths:3 |       0 |   65835 |   0.0 |       0 |      58 |   0.0 |   800
       Abyss:2 |    5838 |    9112 |  39.1 |      16 |      19 |  45.7 |   390
           Lab |       0 |    1078 |   0.0 |       0 |       1 |   0.0 |   206
         IceCv |       0 |    9849 |   0.0 |       0 |      25 |   0.0 |   387
               +---------+---------+-------+---------+---------+-------+---------
